[Event "Team 45 45 League T46"]
[Site "Internet Chess Club"]
[Date "2010.08.14"]
[Round "2"]
[White "Guoruey"]
[Black "viking99"]
[Result "1-0"]
[WhiteElo "1907"]
[BlackElo "1840"]
[Opening "French: Winawer, advance, Bogolyubov variation"]
[ECO "C17"]
[Time "19:47:05"]
[TimeControl "2700+45"]

1. e4 e6 2. d4 d5 3. Nc3 Bb4 4. e5 c5 5. Bd2 Ne7 6. Nb5 Bxd2+ 7. Qxd2 O-O 8. f4
Nbc6 9. Nf3 b6 10. Nd6 Bd7 11. Bd3 c4 12. Be2 Nc8 13. Nxc8 Qxc8 14. O-O Ne7 15.
c3 a5 16. Bd1 b5 17. a3 Qb7 18. Bc2 b4 19. Rae1 h6 20. Kh1 bxa3 21. bxa3 Qc8 22.
Qf2 Rb8 23. Qh4 Ng6 24. Qg4 Qe8 25. Rb1 Ne7 26. Qh4 Ng6 27. Qg4 Rxb1 28. Rxb1
Ba4 29. Bxg6 fxg6 30. Rb6 Bd7 31. g3 Kh7 32. Kg2 Qe7 33. Rb7 Rd8 34. Qh4 Qxh4
35. Nxh4 g5 36. fxg5 hxg5 37. Nf3 Kg6 38. g4 Bc6 39. Rb6 Rc8 40. Kf2 Rc7 41. Ke3
Rc8 42. Ra6 a4 43. Rb6 Kh6 44. Kf2 Kg6 45. Kg3 Rc7 46. h3 Rc8 47. Ne1 Rc7 48.
Nc2 Bd7 49. Nb4 Kf7 50. Na6 Ra7 51. Nc5 Ke7 52. Rd6 Bc8 53. h4 Kf7 54. hxg5 Ke7
55. g6 Ra5 56. Rb6 Ra8 57. Rb4 Ra7 58. Rxa4 Rxa4 59. Nxa4 Kd7 60. Nc5+ Kc6 61.
Kf2 Kb6 62. Ke3 Kc6 63. Kd2 Kb6 64. Kc2 Ka5 65. Kb2 Kb5 66. a4+ Kb6 67. Ka3 Ka5
68. g5 Kb6 69. Kb4 Kc6 70. a5 Kc7 71. Kb5 Kb8 72. Kb6 Ka8 73. Kc7 {Black
resigns} 1-0

[Event "Team 45 45 League T46"]
[Site "Internet Chess Club"]
[Date "2010.08.15"]
[Round "2"]
[White "Rookmaster"]
[Black "MeanMrMustard"]
[Result "0-1"]
[WhiteElo "1737"]
[BlackElo "1864"]
[Opening "Sicilian defense"]
[ECO "B40"]
[Time "19:00:13"]
[TimeControl "2700+45"]

1. e4 e6 2. Nf3 c5 3. Nc3 Nc6 4. Bb5 Qc7 5. O-O a6 6. Bxc6 Qxc6 7. d4 cxd4 8.
Nxd4 Qc7 9. Be3 Nf6 10. f4 d6 11. Qf3 b5 12. Rad1 Bb7 13. g4 b4 14. g5 bxc3 15.
gxf6 gxf6 16. bxc3 Rg8+ 17. Kf2 f5 18. Nxe6 fxe6 19. Qh5+ Qf7 20. Qxf7+ Kxf7 21.
exf5 exf5 22. Rg1 Rxg1 23. Kxg1 Be4 24. Rd2 Rc8 25. Bd4 d5 26. h4 Bc5 27. h5
Bxd4+ 28. cxd4 Rxc2 29. Rxc2 Bxc2 30. h6 Kg6 31. Kg2 Kxh6 32. Kh3 Kg6 33. Kh4 h6
34. a3 Bd1 35. Kh3 Kh5 36. Kg3 Bg4 37. Kg2 Kh4 38. Kh2 Bd1 {White resigns} 0-1

[Event "Team 45 45 League T46"]
[Site "Internet Chess Club"]
[Date "2010.08.12"]
[Round "2"]
[White "Carnivore"]
[Black "badmove"]
[Result "1-0"]
[WhiteElo "1747"]
[BlackElo "1743"]
[Opening "Ruy Lopez: Morphy defense"]
[ECO "C77"]
[Time "16:05:54"]
[TimeControl "2700+45"]

1. e4 e5 2. Nf3 Nc6 3. Bb5 a6 4. Ba4 Nf6 5. c3 b5 6. Bc2 d6 7. h3 Be7 8. d4 O-O
9. Be3 Nd7 10. d5 Na5 11. Nbd2 Nb6 12. Bxb6 cxb6 13. Qe2 Ra7 14. b4 Nb7 15. a4
bxa4 16. Rxa4 b5 17. Ra3 f5 18. O-O fxe4 19. Nxe4 Bf5 20. Rfa1 Qb6 21. Nfd2 a5
22. Bd3 Bd7 23. c4 Rfa8 24. bxa5 Rxa5 25. Rxa5 Rxa5 26. Rxa5 Qxa5 27. cxb5 Qa1+
28. Kh2 Qd4 29. Qe3 Qxd5 30. Bc4 {Black resigns} 1-0

[Event "Team 45 45 League T46"]
[Site "Internet Chess Club"]
[Date "2010.08.13"]
[Round "2"]
[White "Ernie1"]
[Black "christinaa"]
[Result "0-1"]
[WhiteElo "1615"]
[BlackElo "1945"]
[Opening "Queen's pawn: Torre attack"]
[ECO "A45"]
[Time "20:00:38"]
[TimeControl "2700+45"]

1. d4 Nf6 2. Bg5 e6 3. Nf3 Be7 4. c4 b6 5. Nc3 Ba6 6. e3 d5 7. Qa4+ Qd7 8. Qxd7+
Nbxd7 9. cxd5 Bxf1 10. dxe6 Bxg2 11. exd7+ Nxd7 12. Rg1 Bxf3 13. Nb5 Bxg5 14.
Nxc7+ Kd8 15. Nxa8 Be7 16. Nxb6 Nxb6 17. Rxg7 Nc4 18. Rxf7 Bb4+ 19. Kf1 Nd2+ 20.
Kg1 Rg8+ {White resigns} 0-1

[Event "Team 45 45 League T46"]
[Site "Internet Chess Club"]
[Date "2010.08.16"]
[Round "2"]
[White "MikeA"]
[Black "egyptiantiger"]
[Result "1/2-1/2"]
[WhiteElo "2141"]
[BlackElo "2117"]
[Opening "Sicilian: Alapin's variation (2.c3)"]
[ECO "B22"]
[Time "17:00:05"]
[TimeControl "2700+45"]

1. e4 c5 2. c3 d5 3. exd5 Qxd5 4. d4 g6 5. Nf3 Bg7 6. Be3 cxd4 7. cxd4 Nf6 8.
Nc3 Qa5 9. Rc1 O-O 10. Bd3 Nc6 11. O-O Bg4 12. Be2 Rad8 13. Qb3 Bxf3 14. Bxf3
Nxd4 15. Bxd4 Rxd4 16. Qxb7 Rb4 17. Qxe7 Rxb2 18. a4 Re8 19. Qd6 h5 20. Nd5 Nxd5
21. Bxd5 Rd2 22. Rc5 Qd8 23. Qxd8 Rxd8 {Game drawn by mutual agreement} 1/2-1/2

[Event "Team 45 45 League T46"]
[Site "Internet Chess Club"]
[Date "2010.08.16"]
[Round "2"]
[White "imgr8"]
[Black "CaoCao"]
[Result "1/2-1/2"]
[WhiteElo "2130"]
[BlackElo "1959"]
[Opening "Vienna game"]
[ECO "C28"]
[Time "15:00:55"]
[TimeControl "2700+45"]

1. e4 e5 2. Nc3 Nc6 3. Bc4 Nf6 4. d3 Be7 5. f4 d6 6. f5 Na5 7. a4 Nxc4 8. dxc4
b6 9. Bg5 Bb7 10. Qd3 Nd7 11. Bxe7 Qxe7 12. Nf3 Nc5 13. Qe3 a5 14. O-O f6 15.
Rfd1 Qf7 16. Nd5 Bxd5 17. cxd5 g5 18. Ra3 Qh5 19. Rda1 Qg4 20. Nd2 Qf4 21. g3
Qxe3+ 22. Rxe3 Kd7 23. Kf2 h5 24. h3 h4 25. g4 Rhb8 26. Rea3 Kd8 27. Ke3 Kd7 28.
c3 Kd8 29. Nc4 Kd7 30. b4 Nb7 31. Kd3 Ra7 32. Kc2 Rba8 33. Kb3 Ra6 34. Nb2 R6a7
35. Nd3 Kd8 36. R3a2 Kd7 {Game drawn by mutual agreement} 1/2-1/2

[Event "Team 45 45 League T46"]
[Site "Internet Chess Club"]
[Date "2010.08.15"]
[Round "2"]
[White "primerpaso"]
[Black "irock"]
[Result "0-1"]
[WhiteElo "1899"]
[BlackElo "1745"]
[Opening "English opening"]
[ECO "A17"]
[Time "18:30:14"]
[TimeControl "2700+45"]

1. c4 Nf6 2. Nc3 e6 3. g3 d5 4. cxd5 exd5 5. d4 Bb4 6. Bg2 O-O 7. Nf3 Ne4 8. Qb3
Nc6 9. O-O Be6 10. Rd1 Bxc3 11. bxc3 Rb8 12. Nd2 Nxd2 13. Bxd2 Re8 14. Re1 Na5
15. Qc2 Nc4 16. Bf4 Qd7 17. e4 Nb6 18. Rad1 Rbc8 19. Qd3 Nc4 20. Re2 c6 21. Rde1
Re7 22. Bg5 f6 23. Bc1 Rce8 24. f4 Bg4 25. Rf2 Bf5 26. Rfe2 Bg4 27. Bf3 Bxf3 28.
Qxf3 dxe4 29. Rxe4 Rxe4 30. Rxe4 Nd6 31. Rxe8+ Qxe8 32. Kf1 Qe6 33. Qe2 Qd5 34.
Qg2 Qc4+ 35. Qe2 Qxc3 36. Qe6+ Kh8 37. Be3 Qc4+ 38. Qxc4 Nxc4 39. Bc1 Kg8 40.
Ke2 Kf7 41. Kd3 Nd6 42. a4 Ke6 43. Be3 Kd5 44. Bf2 a5 45. Be1 Nc4 46. Bc3 b5 47.
axb5 cxb5 48. Be1 b4 49. Bf2 a4 50. Kc2 b3+ 51. Kb1 a3 {White resigns} 0-1

[Event "Team 45 45 League T46"]
[Site "Internet Chess Club"]
[Date "2010.08.15"]
[Round "2"]
[White "TerryMalloy"]
[Black "QueensCounselor"]
[Result "1/2-1/2"]
[WhiteElo "2025"]
[BlackElo "2190"]
[Opening "Grünfeld: modern exchange variation"]
[ECO "D85"]
[Time "10:10:18"]
[TimeControl "2700+45"]

1. d4 Nf6 2. c4 g6 3. Nc3 d5 4. cxd5 Nxd5 5. e4 Nxc3 6. bxc3 Bg7 7. Nf3 c5 8.
Be3 O-O 9. Qd2 Nc6 10. Rc1 Qc7 11. Be2 Rd8 12. O-O Ne5 13. Nxe5 Bxe5 14. f4 Bg7
15. d5 b6 16. c4 a6 17. Rfd1 Bd7 18. Bf3 Rab8 19. h3 Ba4 20. Re1 Bd7 21. Qc2 f6
22. g4 Be8 23. f5 Bf7 24. Qd2 g5 25. Kg2 h6 26. Bf2 Qd7 27. Bg3 Rb7 28. Qc2 Rc8
29. a4 Rd8 30. Red1 Be8 31. Ra1 a5 32. Rdb1 Rc8 33. Bd1 Qd8 34. Rb2 Bd7 35. Rab1
Be8 36. Qe2 {Game drawn by mutual agreement} 1/2-1/2

[Event "Team 45 45 League T46"]
[Site "Internet Chess Club"]
[Date "2010.08.14"]
[Round "2"]
[White "fledermaus"]
[Black "Spedicken"]
[Result "0-1"]
[WhiteElo "1957"]
[BlackElo "2050"]
[Opening "King's Indian: orthodox, Aronin-Taimanov, bayonet attack"]
[ECO "E97"]
[Time "14:00:32"]
[TimeControl "2700+45"]

1. d4 Nf6 2. c4 g6 3. Nc3 Bg7 4. e4 d6 5. Nf3 O-O 6. Be2 e5 7. O-O Nc6 8. d5 Ne7
9. b4 Nh5 10. Re1 f5 11. Ng5 Nf6 12. Bf3 c6 13. Rb1 h6 14. Ne6 Bxe6 15. dxe6
fxe4 16. Nxe4 Nxe4 17. Bxe4 d5 18. cxd5 cxd5 19. Bc2 Qb6 20. Qe2 Qxe6 21. Bb2
Rae8 22. Bxe5 Nc6 23. Bxg7 Qxe2 24. Rxe2 Rxe2 25. Bxf8 Rxc2 26. Bxh6 Rxa2 27.
Kf1 Kf7 28. b5 Nd4 29. Be3 Nc2 30. Bf4 Ke6 31. g4 Ra4 32. Bb8 Rxg4 33. Bxa7 Na3
34. Rb3 Nc4 35. Rg3 Rxg3 36. hxg3 Nd6 37. b6 Nc4 38. Ke2 d4 39. Kd3 Kd5 40. f4
Nb2+ 41. Kc2 Na4 42. Kd3 Nc5+ 43. Ke2 Ke4 44. Bb8 d3+ 45. Kd1 Ke3 46. g4 Ne4
{White resigns} 0-1

[Event "Team 45 45 League T46"]
[Site "Internet Chess Club"]
[Date "2010.08.14"]
[Round "2"]
[White "Folgers"]
[Black "jonesey"]
[Result "1-0"]
[WhiteElo "1971"]
[BlackElo "1966"]
[Opening "Trompowsky attack (Ruth, Opocenský opening)"]
[ECO "A45"]
[Time "11:00:13"]
[TimeControl "2700+45"]

1. d4 Nf6 2. Bg5 Ne4 3. Bf4 c5 4. f3 Qa5+ 5. c3 Nf6 6. d5 Qb6 7. Bc1 e6 8. c4
exd5 9. cxd5 c4 10. e3 Bc5 11. Kf2 O-O 12. Bxc4 Re8 13. Qb3 Qd6 14. Ne2 a6 15.
Nbc3 b5 16. Bd3 Bb7 17. Ne4 Nxe4+ 18. Bxe4 Qe5 19. Qc3 d6 20. Qxe5 Rxe5 21. Nf4
Bb6 22. a4 Nd7 23. axb5 axb5 24. Rxa8+ Bxa8 25. Nd3 Re8 26. Nb4 Nf6 27. Bd3 Bc5
28. Bd2 Nxd5 29. Nxd5 Bxd5 30. b4 Bb6 31. Bxb5 Ra8 32. Rc1 Kf8 33. Ke2 Ke7 34.
Bc6 Rc8 35. Bxd5 {Black resigns} 1-0

[Event "Team 45 45 League T46"]
[Site "Internet Chess Club"]
[Date "2010.08.13"]
[Round "2"]
[White "smitty120"]
[Black "Goli"]
[Result "1-0"]
[WhiteElo "1863"]
[BlackElo "1773"]
[Opening "Robatsch (modern) defense"]
[ECO "B06"]
[Time "16:30:41"]
[TimeControl "2700+45"]

1. e4 g6 2. d4 Bg7 3. Nc3 d6 4. Bg5 Nf6 5. e5 Nfd7 6. exd6 cxd6 7. Qd2 O-O 8.
O-O-O Nf6 9. Nf3 Bg4 10. Be2 Nbd7 11. h3 Bxf3 12. Bxf3 Qc7 13. Bh6 Rac8 14. Bxg7
Kxg7 15. g4 e6 16. h4 a6 17. h5 Ng8 18. Rde1 b5 19. Bd1 b4 20. Ne4 d5 21. Ng5 h6
22. hxg6 hxg5 23. gxf7 Kxf7 24. Qxg5 Ndf6 25. Qe3 Qc6 26. g5 Ne8 27. g6+ Ke7 28.
Rh7+ Kd8 29. Rf7 Ne7 30. Qg5 Rxf7 31. gxf7 Qa4 32. f8=Q Rc7 33. Rxe6 b3 34. Rxe7
bxa2 {Black resigns} 1-0

[Event "Team 45 45 League T46"]
[Site "Internet Chess Club"]
[Date "2010.08.13"]
[Round "2"]
[White "civilization"]
[Black "imawesome"]
[Result "1/2-1/2"]
[WhiteElo "1673"]
[BlackElo "1685"]
[Opening "Sicilian: Alapin's variation (2.c3)"]
[ECO "B22"]
[Time "14:01:05"]
[TimeControl "2700+45"]

1. e4 c5 2. c3 g6 3. d4 cxd4 4. cxd4 d5 5. e5 Bg7 6. Nf3 f6 7. Bf4 Nc6 8. Bb5
Be6 9. Nc3 a6 10. Bxc6+ bxc6 11. Qe2 Kf7 12. O-O Qc8 13. Na4 Ra7 14. Nc5 Nh6 15.
Rfe1 Re8 16. Rac1 Bf5 17. h3 g5 18. Bg3 Kg8 19. exf6 Bxf6 20. Be5 Ra8 21. b3 Nf7
22. a3 Bg6 23. g4 h5 24. Bxf6 exf6 25. Qxe8+ Qxe8 26. Rxe8+ Rxe8 27. Nd7 Re6 28.
Re1 Rxe1+ 29. Nxe1 hxg4 30. hxg4 Nd6 31. a4 f5 32. f3 fxg4 33. fxg4 Be8 34. Nc5
a5 35. Kh2 Kf7 36. Kh3 Kf6 37. Nf3 Kg6 38. Ne5+ Kf6 39. Ned3 Ke7 40. b4 axb4 41.
Nxb4 Ne4 42. Nbd3 Bd7 43. a5 Nc3 44. Ne5 Be8 45. Nf3 Kf6 46. Ne1 Nb5 47. Ned3
Nxd4 48. a6 Nb5 49. Kg3 Bg6 50. Nb4 Be8 51. Nbd3 Bg6 52. Nb4 Be8 53. Nbd3 Bg6
{Game drawn by repetition} 1/2-1/2

[Event "Team 45 45 League T46"]
[Site "Internet Chess Club"]
[Date "2010.08.13"]
[Round "2"]
[White "crazyhorses"]
[Black "Theodulf"]
[Result "0-1"]
[WhiteElo "1547"]
[BlackElo "1610"]
[Opening "Réti: King's Indian attack (with ...c5)"]
[ECO "A08"]
[Time "17:30:18"]
[TimeControl "2700+45"]

1. Nf3 d5 2. g3 c5 3. d3 Nc6 4. Nbd2 Nf6 5. Bg2 e6 6. O-O g6 7. Re1 Bg7 8. e4
O-O 9. c3 dxe4 10. dxe4 e5 11. Qc2 b6 12. Nc4 Qc7 13. a4 Be6 14. Bf1 Rac8 15.
Bg5 h6 16. Bxf6 Bxf6 17. h3 Rfd8 18. Rad1 Na5 19. Nxa5 bxa5 20. Rxd8+ Rxd8 21.
Rd1 Rb8 22. Nd2 Qc8 23. Kh2 Qb7 24. b4 axb4 25. cxb4 cxb4 26. Nb3 Rc8 27. Qb1
Qb6 28. Kg2 Kg7 29. a5 Qb7 30. h4 Be7 31. Kh2 Rc3 32. Nd2 b3 33. Rc1 Qb4 34. Qb2
Rxc1 35. Qxc1 Qxa5 36. Qb2 Qa2 {White resigns} 0-1

[Event "Team 45 45 League T46"]
[Site "Internet Chess Club"]
[Date "2010.08.15"]
[Round "2"]
[White "allanchs"]
[Black "ryan2chess"]
[Result "1/2-1/2"]
[WhiteElo "1513"]
[BlackElo "1679"]
[Opening "Giuoco Pianissimo: Italian four knights variation"]
[ECO "C50"]
[Time "12:00:13"]
[TimeControl "2700+45"]

1. e4 e5 2. Nf3 Nc6 3. Bc4 Bc5 4. d3 Nf6 5. Nc3 h6 6. Be3 Bb4 7. O-O O-O 8. Nd5
Nxd5 9. Bxd5 d6 10. c3 Ba5 11. h3 Bb6 12. Qd2 Ne7 13. Bb3 Be6 14. Rad1 Bxb3 15.
axb3 f5 16. exf5 Nxf5 17. Bxb6 axb6 18. Rfe1 Nh4 19. Nxh4 Qxh4 20. Re4 Qf6 21.
Rde1 Rf7 22. d4 exd4 23. Qxd4 Qxd4 24. Rxd4 Raf8 25. Re2 Rf5 26. Rde4 Ra5 27.
Re7 Ra1+ 28. Re1 Rxe1+ 29. Rxe1 Kf7 30. f4 b5 31. b4 c5 32. bxc5 dxc5 33. Re5 b6
34. b4 Rc8 35. g3 Kf6 36. Kf2 g5 37. Kf3 Rc6 38. Ke4 gxf4 39. Rf5+ Ke6 40. Rxf4
Rd6 41. bxc5 bxc5 42. Rf8 Rd1 43. Rc8 Rg1 44. Rxc5 Rxg3 45. Rxb5 Rxh3 46. Rb6+
Kd7 47. c4 Rc3 48. Rxh6 {Game drawn by mutual agreement} 1/2-1/2

[Event "Team 45 45 League T46"]
[Site "Internet Chess Club"]
[Date "2010.08.15"]
[Round "2"]
[White "dinosaurs01"]
[Black "kingphisch"]
[Result "1-0"]
[WhiteElo "1274"]
[BlackElo "1478"]
[Opening "Caro-Kann: classical variation"]
[ECO "B18"]
[Time "21:00:38"]
[TimeControl "2700+45"]

1. e4 c6 2. d4 d5 3. Nc3 dxe4 4. Nxe4 Bf5 5. Ng3 Bg6 6. Nf3 Nd7 7. Be2 Ngf6 8.
O-O e6 9. c4 Be7 10. Bf4 O-O 11. Nh4 Qb6 12. Nxg6 hxg6 13. Qd2 Rad8 14. Be3 Qc7
15. b3 Rfe8 16. Qb2 c5 17. Rad1 cxd4 18. Bxd4 e5 19. Be3 Bc5 20. Bxc5 Nxc5 21.
h3 e4 22. Nh1 Ne6 23. Rfe1 Nf4 24. Bf1 Nd3 25. Bxd3 exd3 26. Rxe8+ Rxe8 27. Qd4
Rd8 28. Qxa7 Qe5 29. Qe3 Qxe3 30. fxe3 Ne4 31. Nf2 Nxf2 32. Kxf2 f5 33. Kf3 g5
34. c5 Kf7 35. b4 Ke6 36. a3 Rd5 37. a4 Kd7 38. e4 fxe4+ 39. Kxe4 Ke6 40. Rxd3
Re5+ 41. Kd4 Rf5 42. Re3+ Kd7 43. Rf3 Rxf3 44. gxf3 Ke6 45. Ke4 Kf6 46. b5 Ke6
47. a5 Kd7 48. Kf5 Ke7 49. Ke5 Kd7 50. Kd5 Kc7 51. b6+ Kd7 52. c6+ bxc6+ 53. Kc5
g6 54. a6 Kc8 55. Kxc6 Kb8 56. a7+ Ka8 57. Kc7 g4 58. fxg4 g5 59. b7+ Kxa7 60.
b8=Q+ Ka6 61. Kc6 Ka5 62. Qb5# {Black checkmated} 1-0

[Event "Team 45 45 League T46"]
[Site "Internet Chess Club"]
[Date "2010.08.14"]
[Round "2"]
[White "kidviper"]
[Black "zepled37"]
[Result "1-0"]
[WhiteElo "1918"]
[BlackElo "1711"]
[Opening "Queen's pawn game"]
[ECO "D02"]
[Time "18:05:26"]
[TimeControl "2700+45"]

1. d4 d5 2. Nf3 e6 3. Bg5 Nf6 4. e3 Be7 5. Bd3 O-O 6. O-O Ne4 7. Bxe7 Qxe7 8. c4
Nd7 9. Nc3 Nxc3 10. bxc3 dxc4 11. Bxc4 c5 12. Bd3 cxd4 13. cxd4 Nf6 14. Ng5 Bd7
15. Ne4 Bc6 16. Nxf6+ Qxf6 17. Qg4 b5 18. Qe2 b4 19. Qh5 g6 20. Qc5 Rfc8 21.
Qxb4 Qg5 22. g3 Bf3 23. Rfc1 h5 24. Qb5 Qg4 25. Bf1 Rcb8 26. h3 Rxb5 27. hxg4
Rg5 28. gxh5 Rxh5 29. Bg2 Bxg2 30. Kxg2 Kg7 31. Rc7 a5 32. Rb1 Rah8 33. Rbb7 Rf8
34. Ra7 Kf6 35. e4 Rb5 36. e5+ Kg5 37. Rc5 Rxc5 38. dxc5 Rc8 39. Rxa5 Kf5 40. f4
Ke4 41. a4 Rc7 42. c6 Kd4 43. Ra6 Kc5 44. Kf3 Kd5 45. Kg4 Ke4 46. Rb6 Kd5 47. a5
Kc5 48. Kg5 Rxc6 49. Rxc6+ Kxc6 50. Kf6 Kb7 51. Kxf7 Ka6 52. Kxe6 Kxa5 53. Kf6
{Black resigns} 1-0

[Event "Team 45 45 League T46"]
[Site "Internet Chess Club"]
[Date "2010.08.14"]
[Round "2"]
[White "MaxII"]
[Black "noblitz-oblige"]
[Result "0-1"]
[WhiteElo "1637"]
[BlackElo "1639"]
[Opening "Giuoco Piano"]
[ECO "C54"]
[Time "10:14:09"]
[TimeControl "2700+45"]

1. e4 e5 2. Nf3 Nc6 3. Bc4 Bc5 4. c3 Nf6 5. d4 exd4 6. cxd4 Bb4+ 7. Bd2 Nxe4 8.
Bxb4 Nxb4 9. Qb3 Qe7 10. O-O O-O 11. Re1 d5 12. Bxd5 Nxd5 13. Qxd5 Nf6 14. Qc5
Qd8 15. Nc3 b6 16. Qc4 Bb7 17. Ne5 Ne8 18. Rac1 Nd6 19. Qd3 Qf6 20. Nd7 Qg5 21.
g3 Rfe8 22. Ne5 Rad8 23. Ne2 Nf5 24. Qc4 Qf6 25. Qxc7 Nd6 26. Qc2 Rxe5 27. dxe5
Qf3 {White resigns} 0-1

[Event "Team 45 45 League T46"]
[Site "Internet Chess Club"]
[Date "2010.08.14"]
[Round "2"]
[White "Bible-Believer"]
[Black "SpeedBlade"]
[Result "1/2-1/2"]
[WhiteElo "1531"]
[BlackElo "1439"]
[Opening "Queen's pawn game"]
[ECO "D04"]
[Time "13:01:24"]
[TimeControl "2700+45"]

1. d4 d5 2. Nf3 Nf6 3. e3 Bg4 4. c4 c6 5. Nc3 e6 6. Qb3 Qc7 7. Ne5 Nbd7 8. Nxg4
Nxg4 9. h3 Ngf6 10. Bd2 Be7 11. Bd3 dxc4 12. Bxc4 Nb6 13. Bd3 a5 14. a4 Nbd5 15.
Rc1 O-O 16. O-O Rfd8 17. Rfd1 Qb6 18. Qxb6 Nxb6 19. b3 Bb4 20. Ne4 Bxd2 21. Rxd2
Nxe4 22. Bxe4 Nd5 23. Bxd5 exd5 24. Kf1 f5 25. Rdc2 Kf7 26. Rc5 Ke6 {Game drawn
by mutual agreement} 1/2-1/2

[Event "Team 45 45 League T46"]
[Site "Internet Chess Club"]
[Date "2010.08.11"]
[Round "2"]
[White "sly20"]
[Black "kidcobra"]
[Result "0-1"]
[WhiteElo "1395"]
[BlackElo "1585"]
[Opening "KP: Indian opening"]
[ECO "C20"]
[Time "13:04:16"]
[TimeControl "2700+45"]

1. e4 e5 2. d3 Nf6 3. c3 d5 4. Qc2 Be7 5. Nf3 Nc6 6. b4 a6 7. Be2 d4 8. a3 a5 9.
Bb2 O-O 10. b5 Na7 11. cxd4 exd4 12. Nxd4 Bd7 13. a4 Bg4 14. O-O Bxe2 15. Qxe2
Bc5 16. Nb3 Bb6 17. N1d2 c6 18. bxc6 Nxc6 19. Nc4 Rc8 20. Nxb6 Qxb6 21. Ra3 Nb4
22. Qe3 Qxe3 23. fxe3 Ng4 24. Nd4 Nxe3 25. Rc1 Rxc1+ 26. Bxc1 Nec2 27. Rc3 Nxd4
{White resigns} 0-1

[Event "Team 45 45 League T46"]
[Site "Internet Chess Club"]
[Date "2010.08.14"]
[Round "2"]
[White "bayoumicardio10"]
[Black "Eyechess"]
[Result "0-1"]
[WhiteElo "1629"]
[BlackElo "1752"]
[Opening "French: King's Indian attack"]
[ECO "C00"]
[Time "16:00:18"]
[TimeControl "2700+45"]

1. e4 e6 2. d3 d5 3. Nd2 c5 4. Ngf3 Nc6 5. g3 Be7 6. Bg2 Nf6 7. O-O O-O 8. e5
Ng4 9. Re1 Qc7 10. Qe2 f6 11. exf6 Bxf6 12. Nf1 Nd4 13. Nxd4 Bxd4 14. Bf4 Rxf4
15. gxf4 Bxf2+ 16. Kh1 Qxf4 17. Ng3 Bxg3 18. hxg3 Qxg3 19. Kg1 Bd7 20. Qf3 Qh2+
21. Kf1 Rf8 22. Qxf8+ Kxf8 23. Re2 Qf4+ 24. Kg1 Qd4+ 25. Kh1 Qxb2 26. Rf1+ Nf6
27. Ref2 Qxa2 28. c4 Qb3 29. cxd5 exd5 30. Re1 Qxd3 31. Rff1 Bh3 32. Rd1 Bxg2+
33. Kxg2 Qe2+ 34. Kg1 a5 35. Rxd5 Qxf1+ 36. Kxf1 Nxd5 37. Ke2 b5 {White resigns}
0-1

[Event "Team 45 45 League T46"]
[Site "Internet Chess Club"]
[Date "2010.08.15"]
[Round "2"]
[White "Packerfan"]
[Black "sbaker831"]
[Result "1-0"]
[WhiteElo "1716"]
[BlackElo "1607"]
[Opening "Sicilian: Alapin's variation (2.c3)"]
[ECO "B22"]
[Time "15:00:23"]
[TimeControl "2700+45"]

1. e4 c5 2. c3 Nf6 3. e5 Nd5 4. d4 Nc6 5. Nf3 cxd4 6. cxd4 d6 7. Bc4 Nb6 8. Bb3
dxe5 9. Nxe5 Nxe5 10. dxe5 Qc7 11. Bf4 e6 12. Nc3 Bb4 13. Rc1 O-O 14. O-O Qe7
15. Qg4 f6 16. Nb5 fxe5 17. Bg5 Qf7 18. Nc7 Qg6 19. Bc2 Qf7 20. Nxa8 Nd5 21. Qe4
g6 22. Qxe5 Bd7 23. Nc7 Bb5 24. Nxd5 Bxf1 25. Nf6+ Kh8 26. Rxf1 b6 27. Nd7+ Kg8
28. Nxf8 Qxf8 29. Qxe6+ Kg7 30. Qd7+ Kg8 31. Bb3+ Kh8 32. Qd4+ {Black resigns}
1-0

[Event "Team 45 45 League T46"]
[Site "Internet Chess Club"]
[Date "2010.08.13"]
[Round "2"]
[White "MCJR"]
[Black "Lyko"]
[Result "1-0"]
[WhiteElo "1428"]
[BlackElo "1554"]
[Opening "Queen's bishop game"]
[ECO "D02"]
[Time "15:00:21"]
[TimeControl "2700+45"]

1. d4 d5 2. Nf3 Nf6 3. Bf4 e6 4. e3 Bd6 5. Ne5 Nc6 6. Nd2 Be7 7. Bd3 h6 8. c3
Nxe5 9. dxe5 Nh7 10. Qg4 Bg5 11. h4 f5 12. Qh5+ Kd7 13. hxg5 hxg5 14. Bxg5 Qf8
15. Bf4 b6 16. Qe2 Bb7 17. Bb5+ c6 18. Ba6 Qc8 19. Bxb7 Qxb7 20. O-O-O Raf8 21.
Nb3 g5 22. Bg3 f4 23. exf4 gxf4 24. Bh2 Ng5 25. Qg4 Ne4 26. Qf3 Qb8 27. Qxe4
{Black resigns} 1-0

[Event "Team 45 45 League T46"]
[Site "Internet Chess Club"]
[Date "2010.08.13"]
[Round "2"]
[White "froggoathorse"]
[Black "Andressa"]
[Result "1-0"]
[WhiteElo "1743"]
[BlackElo "1525"]
[Opening "Ruy Lopez: old Steinitz defense"]
[ECO "C62"]
[Time "18:27:09"]
[TimeControl "2700+45"]

1. e4 e5 2. Nf3 Nc6 3. Bb5 d6 4. d4 Bd7 5. Nc3 a6 6. Bxc6 Bxc6 7. dxe5 dxe5 8.
Qxd8+ Rxd8 9. Nxe5 Bc5 10. Nxc6 bxc6 11. Bf4 Bb6 12. O-O Nf6 13. Rad1 O-O 14.
Bg5 Bd4 15. Rd3 h6 16. Bxf6 Bxf6 17. Rfd1 Rb8 18. b3 Rfe8 19. f3 c5 20. Nd5 Bd4+
21. Kf1 c6 22. Nc7 Re5 23. c3 Re7 24. Nxa6 Ra8 25. cxd4 Rxa6 26. a4 cxd4 27.
Rxd4 Rb7 28. R1d3 c5 29. Rd8+ Kh7 30. Rc8 Ra5 31. Ke2 Rb6 32. Kd2 Rg6 33. g3 h5
34. Rd5 Rb6 35. Rxh5+ Kg6 36. Rcxc5 Rxc5 37. Rxc5 Rxb3 38. Rc3 Rb2+ 39. Rc2 Rb3
40. Rc3 Rb2+ 41. Ke3 Rxh2 42. Ra3 Rh3 43. a5 Rh8 44. a6 Ra8 45. a7 Kf6 46. Kd4
Ke7 47. Kc5 Kd7 48. Kb6 Kc8 49. Rc3+ Kd7 50. Kb7 Re8 51. a8=Q Rxa8 52. Kxa8 Ke6
53. f4 f6 54. Kb7 g6 55. Kc6 f5 56. e5 Kf7 57. Kd7 Kg7 58. e6 {Black resigns}
1-0

[Event "Team 45 45 League T46"]
[Site "Internet Chess Club"]
[Date "2010.08.13"]
[Round "2"]
[White "arriero55"]
[Black "PostMike"]
[Result "0-1"]
[WhiteElo "1444"]
[BlackElo "1544"]
[Opening "Sicilian: dragon, classical attack"]
[ECO "B72"]
[Time "14:30:25"]
[TimeControl "2700+45"]

1. e4 c5 2. Nf3 d6 3. d4 cxd4 4. Nxd4 Nf6 5. Nc3 g6 6. Be2 Bg7 7. Be3 O-O 8. g4
a6 9. h4 b5 10. a3 Bb7 11. f3 Nc6 12. Nxc6 Bxc6 13. h5 Nd7 14. hxg6 fxg6 15. Qd2
Rf7 16. O-O-O Nb6 17. f4 Nc4 18. Bxc4 bxc4 19. Rh2 Bxc3 20. Qxc3 Bxe4 21. f5
gxf5 22. gxf5 Bxf5 23. Rg1+ Bg6 24. Qxc4 d5 25. Qg4 Qc8 26. Qd4 Qc6 27. Qe5 Re8
28. Bd4 Rf6 29. Qh5 Kf7 30. Qg5 Rf5 31. Rxh7+ Bxh7 32. Qg7+ Ke6 33. Qxh7 Ref8
34. Re1+ Kd7 35. Qxe7+ Kc8 {White forfeits on time} 0-1

[Event "Team 45 45 League T46"]
[Site "Internet Chess Club"]
[Date "2010.08.14"]
[Round "2"]
[White "tryanything"]
[Black "PANAMA-REY"]
[Result "1-0"]
[WhiteElo "1623"]
[BlackElo "1373"]
[Opening "Philidor's defense"]
[ECO "C41"]
[Time "19:00:08"]
[TimeControl "2700+45"]

1. e4 e5 2. Nf3 d6 3. Bc4 Be7 4. d4 Nc6 5. Be3 Nf6 6. Nbd2 Bg4 7. c3 O-O 8. h3
Bxf3 9. Qxf3 exd4 10. cxd4 a5 11. O-O h6 12. a3 Nh7 13. Rfe1 Ng5 14. Qg4 Qc8 15.
Qg3 Kh8 16. Rac1 Nh7 17. Bd3 Bh4 18. Qxh4 Nd8 19. e5 Qd7 20. Nf3 d5 21. Ng5 Qe7
22. Nf3 Qxh4 23. Nxh4 Ne6 24. Nf5 Nhg5 25. h4 Nh7 26. Rc3 f6 27. Ne7 fxe5 28.
Ng6+ Kg8 29. Nxf8 Nexf8 30. dxe5 c6 31. Bc5 Ne6 32. Bd6 Nhf8 33. Bf5 Nd4 34.
Bxf8 Kxf8 35. Bg6 Rd8 36. e6 Ke7 37. h5 Rd6 38. Bf7 Nb5 39. Rg3 Nd4 40. Rxg7 Nf5
41. Rg8 d4 42. Re8+ Kf6 43. Rb8 d3 44. Rxb7 d2 45. Rd1 Ne7 46. Rd7 Rxe6 47. Bxe6
Kxe6 48. R1xd2 Nd5 49. R7xd5 cxd5 50. Kf1 {Black resigns} 1-0